 Dungeon Crawl Stone Soup version 0.26.1-2-gb8aa6d0cf2 (webtiles) character file.

Game seed: 10786463951086598225

7557 hawla the Thaumaturge (level 10, -3/56 HPs)
             Began as a Deep Elf Conjurer on Feb 23, 2021.
             Was a High Priest of Vehumet.
             Slain by Snorg (25 damage)
             ... on level 11 of the Dungeon.
             The game lasted 00:39:07 (13158 turns).

hawla the Thaumaturge (Deep Elf Conjurer)          Turns: 13158, Time: 00:39:07

Health: -3/56      AC:  8    Str:  4    XL:     10   Next: 96%
Magic:  6/25       EV: 16    Int: 27    God:    Vehumet [*****.]
Gold:   522        SH:  0    Dex: 13    Spells: 8/27 levels left

rFire    + . .     SeeInvis .   x - +7 Screaming Sword {vorpal, sonic wave}
rCold    + . .     Faith    .   (no shield)
rNeg     . . .     Spirit   .   L - +2 robe {rC+}
rPois    .         Reflect  .   E - +2 hat
rElec    .         Harm     .   F - +1 cloak
rCorr    .         Rampage  .   (no gloves)
Will     +....     Rnd*Rage +   (no boots)
Stlth    ++........             (no amulet)
HPRegen  0.18/turn              c - ring of fire
MPRegen  0.19/turn              j - ring of protection from cold

@: no status effects
A: berserk 1, mutation resistance 1, sense surroundings 1
a: Renounce Religion


You were on level 11 of the Dungeon.
You worshipped Vehumet.
Vehumet was extremely pleased with you.
You visited 2 branches of the dungeon, and saw 12 of its levels.

You collected 639 gold pieces.
You spent 117 gold pieces at shops.

Inventory:

Hand Weapons
 o - a +2 dagger of protection
 x - the +7 Screaming Sword (weapon) {vorpal, sonic wave}
   (You found it on level 5 of the Dungeon)

   It inflicts extra damage upon your enemies.
Missiles
 l - 10 poisoned darts (quivered)
 r - 7 javelins
 B - 2 datura-tipped darts
 H - 16 boomerangs
Armour
 E - a +2 hat (worn)
 F - a +1 cloak (worn)
 L - a +2 robe of cold resistance (worn)
Magical Staves
 M - an uncursed staff of cold
Jewellery
 c - a ring of fire (left hand)
 j - a ring of protection from cold (right hand)
 C - an uncursed ring of flight
 G - an uncursed ring of stealth
 J - an uncursed ring of willpower
 N - an uncursed ring of protection from fire
Wands
 m - a wand of digging (13)
 n - a wand of acid (19)
 q - a wand of flame (15)
 v - a wand of iceblast (11)
 y - a wand of random effects (12)
 z - a wand of disintegration (9)
 K - a wand of paralysis (12)
Scrolls
 a - a scroll of fog
 h - 2 scrolls of teleportation
 k - 2 scrolls of magic mapping
 u - 3 scrolls of remove curse
 w - 2 scrolls of fear
Potions
 b - 3 potions of resistance
 d - 2 potions of brilliance
 e - a potion of might
 f - a potion of heal wounds
 g - 5 potions of curing
 i - 4 potions of haste
 p - a potion of magic
 s - 2 potions of flight
 t - 2 potions of lignification
 A - a potion of ambrosia


   Skills:
 - Level 3.0 Fighting
 - Level 6.0 Long Blades
 - Level 1.0 Throwing
 - Level 8.0 Dodging
 - Level 3.0 Stealth
 - Level 9.0 Spellcasting
 + Level 8.8 Conjurations
 - Level 4.0 Translocations
 - Level 1.0 Transmutations
 + Level 8.7 Fire Magic
 - Level 3.0 Poison Magic
 - Level 2.0 Evocations


You had 8 spell levels left.
You knew the following spells:

 Your Spells              Type           Power        Failure   Level
a - Magic Dart            Conj           100%         1%          1
b - Searing Ray           Conj           100%         1%          2
c - Iskenderun's Mystic   Conj/Tloc      46%          1%          4
d - Ignite Poison         Fire/Tmut/Pois 51%          1%          3
e - Olgreb's Toxic Radia  Pois           28%          4%          4
f - Fireball              Conj/Fire      37%          1%          5

Your spell library contained the following spells:

 Spells                   Type           Power        Failure   Level
 Iron Shot                Conj/Erth      18%          28%         6
 Dazzling Flash           Conj/Hex       72%          1%          3
 Gell's Gravitas          Tloc           16%          2%          3
 Fulminant Prism          Conj/Hex       18%          2%          4
 Animate Skeleton         Necr           24%          4%          1
 Pain                     Necr           48%          4%          1
 Confusing Touch          Hex            12%          14%         3
 Yara's Violent Unravell  Hex/Tmut       7%           26%         5
 Petrify                  Tmut/Erth      14%          36%         4
 Metabolic Englaciation   Hex/Ice        6%           78%         5


Dungeon Overview and Level Annotations

Branches:
Dungeon (11/15)            Temple (1/1) D:4
   Lair: D:8-11         Orc: D:9-12

Altars:
Ashenzari
Cheibriados
Dithmenos
Elyvilon
Fedhas
Gozag
Hepliaklqana
Kikubaaqudgha
Makhleb
Nemelex Xobeh
Okawaru
Qazlal
Ru
Sif Muna
Trog
Uskayaw
Vehumet
Wu Jian
Xom
Yredelemnul
Zin
The Shining One
Lugonu

Shops:
D:7 }!*(

Annotations:
D:3 behind the fire
D:9 2 transporters, Forgeling's ghost, novice BaIE
D:11 Snorg


Innate Abilities, Weirdness & Mutations

You tend to lose your temper in combat.
You are somewhat resistant to further mutation.
You passively map a small area around you.


Message History

Casting: Iskenderun's Mystic Blast (dangerous; 1% risk of failure)
Confirm with . or Enter, or press ? or * to list all spells.
You erupt in a blast of force!
The mystic blast hits Snorg!
Snorg is heavily wounded.
Snorg is knocked back by the mystic blast.
Snorg slams into the rock wall!
Snorg bites you. Snorg claws you. Snorg barely misses you.
Casting: Iskenderun's Mystic Blast (dangerous; 1% risk of failure)
Confirm with . or Enter, or press ? or * to list all spells.
You erupt in a blast of force!
The mystic blast hits Snorg!
Snorg is severely wounded.
Snorg is knocked back by the mystic blast.
Snorg slams into the rock wall!
Snorg barely misses you. Snorg claws you! Snorg closely misses you.
You are too injured to fight recklessly!
You are too injured to fight recklessly!
You closely miss Snorg.
Snorg is severely wounded.
Snorg bites you. Snorg claws you. Snorg closely misses you. Snorg bites you!!
You die...

#.<#.# , #..#.# #....###
##* * #......# *..,,
#...#..# .# * , ,
#......# *.# ,#, *
#..(...# .##.+,
#.(....##########T...###+
, *
#...............@.......
#............###########
#............#
#............########**
#.................... ,
#......############## *
#......#,, , , ,, , *
#.##...# , , * ..... * *
*, ,, ,


You could see Snorg (berserk).

Vanquished Creatures
  Fannar (D:10)
  Psyche (D:10)
  Maggie (D:6)
  3 trolls (D:10)
  A wyvern (D:8)
  5 yaks (D:9)
  3 orc warriors
  Duvessa (D:6)
  An ice beast (D:9)
  2 black bears (D:10)
  A necrophage (D:9)
  An eye of draining (D:9)
  3 phantoms
  A sky beast (D:8)
  5 ogres
  3 centaurs
  A big kobold (D:10)
  A wyvern zombie (D:7)
  2 bullfrogs
  A water moccasin zombie (D:8)
  8 scorpions
  A wyvern skeleton (D:9)
  Dowan (D:6)
  A water moccasin skeleton (D:8)
  8 wights
  3 howler monkeys
  4 jellies
  A bullfrog zombie (D:9)
  A centaur zombie (D:7)
  A crimson imp (D:3)
  4 hounds
  An iron imp (D:7)
  8 orc wizards
  A gnoll shaman (D:4)
  A bullfrog skeleton (D:5)
  4 orc priests
  2 iguanas
  Ijyb (D:3)
  Natasha (thrice) (D:2)
  9 worker ants
  2 hound skeletons (D:10)
  A worker ant zombie (D:8)
  6 gnolls
  A howler monkey skeleton (D:8)
  13 adders
  A shadow imp (D:7)
  A white imp (D:5)
  3 ufetubi
  3 adder zombies
  5 adder skeletons
  2 worms
  3 leopard geckos
  33 orcs
  5 ball pythons
  10 bats
  5 giant cockroaches
  10 hobgoblins
  6 jackals
  4 quokkas
  4 frilled lizards
  15 goblins
  2 jackal zombies
  23 kobolds
  A quokka skeleton (D:6)
  A quokka zombie (D:6)
  6 rats
267 creatures vanquished.

Vanquished Creatures (others)
  A worm (D:3)
  A bat (D:3)
  A goblin (D:3)
  2 demonic plants (Temple)
  8 fungi (D:5)
  A plant (D:6)
14 creatures vanquished.

Grand Total: 281 creatures vanquished

Notes
Turn   | Place    | Note
-------+----------+-------------------------------------------
     0 | D:1      | hawla the Deep Elf Conjurer began the quest for the Orb.
     0 | D:1      | Reached XP level 1. HP: 10/10 MP: 6/6
   296 | D:1      | Reached XP level 2. HP: 15/15 MP: 4/8
   300 | D:1      | Learned a level 2 spell: Searing Ray
   875 | D:2      | Noticed Natasha
   881 | D:2      | Noticed a crimson imp
   882 | D:2      | Killed Natasha
   883 | D:2      | Reached skill level 1 in Translocations
   883 | D:2      | Reached skill level 1 in Fire Magic
   883 | D:2      | Reached XP level 3. HP: 12/20 MP: 2/10
  1095 | D:2      | Noticed Natasha
  1101 | D:2      | Killed Natasha
  1102 | D:2      | Reached skill level 1 in Fighting
  1102 | D:2      | Reached XP level 4. HP: 16/25 MP: 6/11
  1107 | D:2      | Learned a level 4 spell: Iskenderun's Mystic Blast
  1171 | D:2      | Noticed Natasha
  1174 | D:2      | Killed Natasha
  1175 | D:2      | Reached skill level 4 in Spellcasting
  1327 | D:2      | Found an ancient bone altar of Kikubaaqudgha.
  1355 | D:2      | Found a shimmering blue altar of Sif Muna.
  1372 | D:2      | Found a radiant altar of Vehumet.
  1376 | D:2      | Identified Kikubaaqudgha's Almanac of Black Arts
  1474 | D:2      | Became a worshipper of Vehumet
  1637 | D:3      | Reached skill level 5 in Conjurations
  1737 | D:3      | Reached XP level 5. HP: 22/29 MP: 3/13
  2134 | D:3      | Noticed Ijyb
  2142 | D:3      | Killed Ijyb
  2295 | D:3      | Found a burning altar of Makhleb.
  2295 | D:3      | Found a shimmering altar of Xom.
  2575 | D:2      | Reached skill level 5 in Spellcasting
  2579 | D:2      | Reached * piety under Vehumet
  2579 | D:2      | Offered knowledge of Shock by Vehumet.
  2929 | D:3      | Reached XP level 6. HP: 34/34 MP: 11/15
  3725 | D:4      | Reached skill level 6 in Spellcasting
  3774 | D:4      | Found an iron altar of Okawaru.
  3814 | D:4      | Reached XP level 7. HP: 31/38 MP: 12/18
  3815 | D:4      | Reached skill level 1 in Evocations
  3877 | D:4      | Reached skill level 1 in Throwing
  3979 | D:4      | Found a staircase to the Ecumenical Temple.
  3992 | Temple   | Entered the Ecumenical Temple
  4555 | D:5      | Entered Level 5 of the Dungeon
  4711 | D:5      | Found a glowing golden altar of the Shining One.
  4767 | D:5      | Offered knowledge of Freeze by Vehumet.
  4825 | D:5      | Reached ** piety under Vehumet
  5400 | D:5      | Reached skill level 5 in Dodging
  5411 | D:5      | Reached XP level 8. HP: 44/44 MP: 16/19
  5541 | D:5      | Found the +7 Singing Sword {vorpal, sonic wave}
  5706 | D:6      | Offered knowledge of Ignite Poison by Vehumet.
  5774 | D:6      | Learned a level 3 spell: Ignite Poison
  5789 | D:6      | Found a sacrificial altar of Ru.
  6003 | D:6      | Noticed Maggie
  6013 | D:6      | HP: 1/44 [Maggie/+2 glaive of flaming (4)]
  6022 | D:6      | Killed Maggie
  6023 | D:6      | Reached skill level 1 in Long Blades
  6023 | D:6      | Reached skill level 1 in Transmutations
  6023 | D:6      | Reached skill level 1 in Poison Magic
  6736 | D:6      | Reached *** piety under Vehumet
  6813 | D:6      | Noticed Dowan
  6813 | D:6      | Noticed Duvessa
  6817 | D:6      | Killed Dowan
  6819 | D:6      | Killed Duvessa
  6820 | D:6      | Reached skill level 5 in Fire Magic
  7405 | D:7      | Reached XP level 9. HP: 28/50 MP: 14/20
  7597 | D:7      | Offered knowledge of Olgreb's Toxic Radiance by Vehumet.
  7603 | D:7      | Learned a level 4 spell: Olgreb's Toxic Radiance
  7650 | D:7      | Found Kaigg's Assorted Antiques.
  8193 | D:7      | Found Sace's Distillery.
  8207 | D:7      | Bought a potion of might for 52 gold pieces
  8207 | D:7      | Bought a potion of heal wounds for 65 gold pieces
  8281 | D:7      | Found Gonitor's Gadget Emporium.
  8498 | D:7      | Found a broken altar of Ashenzari.
  8637 | D:7      | Found Voyvonus's Weapon Shop.
  8882 | D:7      | Found a snail-covered altar of Cheibriados.
  9091 | D:8      | Found a stormy altar of Qazlal.
  9094 | D:8      | Found a shadowy altar of Dithmenos.
  9098 | D:8      | Found an opulent altar of Gozag.
  9423 | D:8      | Reached **** piety under Vehumet
  9551 | D:8      | Found a basalt altar of Yredelemnul.
  9953 | D:8      | Offered knowledge of Fireball by Vehumet.
  9954 | D:8      | Reached skill level 7 in Spellcasting
  9960 | D:8      | Learned a level 5 spell: Fireball
 10146 | D:8      | Found a shimmering blue altar of Sif Muna.
 10244 | D:8      | Identified Sif Muna's Almanac of Black Magic
 10309 | D:9      | Noticed a skeletal warrior
 10616 | D:9      | Reached XP level 10. HP: 55/56 MP: 10/23
 10817 | D:9      | Found a transporter.
 10819 | D:9      | Found a transporter.
 10819 | D:9      | Noticed Forgeling's ghost (novice BaIE)
 10837 | D:9      | Reached skill level 8 in Spellcasting
 11230 | D:9      | Found a hide-covered altar of Uskayaw.
 11790 | D:10     | Entered Level 10 of the Dungeon
 11796 | D:10     | Reached skill level 5 in Long Blades
 11799 | D:10     | Reached ***** piety under Vehumet
 12005 | D:10     | Noticed Fannar
 12016 | D:10     | Killed Fannar
 12016 | D:10     | Offered knowledge of Iron Shot by Vehumet.
 12017 | D:10     | Reached skill level 9 in Spellcasting
 12447 | D:10     | Noticed Psyche
 12532 | D:10     | Killed Psyche
 13119 | D:11     | Gained mutation: Armour fits poorly on your strangely
                  | shaped body. [potion of mutation]
 13119 | D:11     | Gained mutation: You can translocate small distances at
                  | will. [potion of mutation]
 13119 | D:11     | Gained mutation: You are agile. (Dex +2) [potion of
                  | mutation]
 13120 | D:11     | Lost mutation: You are agile. (Dex +2) [potion of mutation]
 13120 | D:11     | Lost mutation: Armour fits poorly on your strangely shaped
                  | body. [potion of mutation]
 13120 | D:11     | Lost mutation: You can translocate small distances at will.
                  | [potion of mutation]
 13120 | D:11     | Gained mutation: You have sharp fingernails. [potion of
                  | mutation]
 13120 | D:11     | Gained mutation: You are dopey. (Int -2) [potion of
                  | mutation]
 13120 | D:11     | Gained mutation: You have sharp toenails. [potion of
                  | mutation]
 13121 | D:11     | Lost mutation: You have sharp toenails. [potion of
                  | mutation]
 13121 | D:11     | Lost mutation: You are dopey. (Int -2) [potion of mutation]
 13121 | D:11     | Lost mutation: You have sharp fingernails. [potion of
                  | mutation]
 13121 | D:11     | Gained mutation: You passively map a small area around you.
                  | [potion of mutation]
 13121 | D:11     | Gained mutation: You are somewhat resistant to further
                  | mutation. [potion of mutation]
 13121 | D:11     | Gained mutation: You tend to lose your temper in combat.
                  | [potion of mutation]
 13150 | D:11     | Noticed Snorg
 13158 | D:11     | Slain by Snorg

Illustrated notes

Levels and vault maps discovered:
D:1:      lemuel_arrival_river_ford, layout_basic, minmay_shallow_snake_nest
D:2:      layout_basic, grunt_temple_overflow_magic_moments, uniq_natasha
D:3:      layout_loops_ring, grunt_temple_overflow_champion_of_chaos,
          minivault_23, lemuel_flame_loot_1, uniq_ijyb
D:4:      layout_loops_ring, overflow_temple_1_default,
          minmay_temple_entry_trees, minmay_pentangle
D:5:      old_forge, layout_basic, lemuel_doored_altar, dk_rats_in_the_wall
D:6:      corexii_shantytown, layout_cave_pods, nicolae_ru_awakened_eye,
          uniq_duvessa, uniq_maggie
D:7:      layout_basic, marbit_many_paths, slow_altar_2, serial_shops,
          nicolae_shop_temple_entry_statues_fountains,
          nicolae_shop_behind_doors, shop, nicolae_shop_trees, st_stairs_6
D:8:      layout_basic, lemuel_coloured_pillars_altar,
          grunt_temple_overflow_diamond, led_sif_book
D:9:      layout_loops_corners, eat_drink_and_be_merry_uskayaw,
          gammafunk_ghost_mausoleum
D:10:     layout_basic, uniq_fannar, uniq_psyche
D:11:     layout_stronghold, dpeg_oklobed_lair, serial_shops, shop, uniq_snorg
Temple:   corrupted_temple

Skill      XL: |  1  2  3  4  5  6  7  8  9 10 |
---------------+-------------------------------+-----
Stealth        | 3 |  3.0
Translocations | 1 2 3 4 |  4.0
Fire Magic     | 1 3 5 7 8 |  8.7
Fighting       | 1 2 3 |  3.0
Dodging        | 3 5 7 8 |  8.0
Spellcasting   | 4 5 6 7 9 |  9.0
Conjurations   | 5 6 7 8 |  8.8
Evocations     | 1 2 |  2.0
Throwing       | 1 |  1.0
Long Blades    | 2 4 6 |  6.0
Transmutations | 1 |  1.0
Poison Magic   | 1 3 |  3.0

Action                   |  1- 3 |  4- 6 |  7- 9 | 10-12 || total
-------------------------+-------+-------+-------+-------++-------
Melee: Unarmed           |       |     9 |       |       ||     9
       Dagger            |       |    16 |       |       ||    16
       Double sword      |       |       |    73 |    43 ||   116
Throw: Dart              |       |       |       |     8 ||     8
 Cast: Magic Dart        |    20 |    25 |    41 |    12 ||    98
       Searing Ray       |    11 |    37 |    65 |    17 ||   130
       Iskenderun's Myst |       |     2 |    40 |    20 ||    62
       Ignite Poison     |       |       |     1 |     4 ||     5
       Olgreb's Toxic Ra |       |       |     1 |     3 ||     4
 Abil: Stop Flying       |       |       |     1 |       ||     1
       Evoke Flight      |       |       |     1 |       ||     1
  Use: Scroll            |       |     5 |    12 |     4 ||    21
       Potion            |       |       |     5 |     3 ||     8
 Stab: Sleeping          |       |       |     4 |       ||     4
Armor: Robe              |     1 |     4 |    12 |    15 ||    32
Dodge: Dodged            |     7 |    32 |   106 |    61 ||   206
       Rpst.: Double sword |       |       |    32 |    11 ||    43
